Map: Deathaura LE

Players

eGGz

  • Race: Zerg Zerg
  • League: Master
  • Spawn Location: 5:00

Cham - Winner!

  • Race: Zerg Zerg
  • League: Grandmaster
  • Spawn Location: 11:00

Event: DreamHack SC2 Masters 2020 Summer Latin America

VOD

Have the link to the VOD?

Description

Time

  • Played on: June 24, 2020, 4:53 p.m.
  • Length: 10:13

All games in this series

Show
View Real Time Build Order
Export as new Build Order

eGGz Zerg 

Build Orders: Hatch First 

Get SALT Encoding   

  12  0:00  Drone  
  13  0:12  Overlord  
  13  0:17  Drone  
  14  0:30  Drone x2  
  16  0:39  Drone  
  17  0:51  Hatchery  
  17  0:54  Drone  
  17  0:57  Drone  
  18  1:04  Extractor  
  17  1:14  Spawning Pool  
  17  1:17  Drone  
  17  1:19  Drone  
  18  1:28  Drone  
  19  1:51  Drone, Overlord  
  20  2:00  Queen  
  22  2:03  Queen  
  22  2:05  Drone  
  22  2:06  Metabolic Boost  
  22  2:07  Drone  
  26  2:12  Zergling x2  
  27  2:17  Drone  
  28  2:26  Drone x2  
  30  2:36  Hatchery  
  29  2:41  Baneling Nest  
  29  2:42  Drone  
  29  2:52  Drone  
  29  2:56  Drone x3  
  33  3:01  Queen  
  33  3:04  Overlord  
  35  3:10  Drone  
  36  3:16  Overlord  
  36  3:22  Drone x3  
  36  3:23  Drone x3  
  42  3:30  Zergling x2  
  43  3:37  Baneling x2, Evolution Chamber  
  43  3:38  Zergling x2  
  43  3:43  Drone x2  
  43  3:44  Drone x2  
  43  3:48  Drone x2  
  49  3:51  Drone  
  49  3:54  Extractor  
  49  3:56  Drone, Extractor  
  49  3:58  Roach Warren  
  49  3:59  Drone  
  49  4:07  Zerg Missile Weapons Level 1, Drone  
  49  4:08  Drone  
  50  4:14  Drone x4  
  54  4:18  Drone x3  
  54  4:21  Overlord  
  57  4:24  Overlord  
  57  4:27  Lair  
  57  4:34  Overlord  
  57  4:37  Extractor  
  56  4:38  Extractor  
  56  4:41  Drone x3  
  56  4:42  Drone x3  
  56  4:43  Drone  
  61  4:48  Drone x2  
  61  4:49  Pneumatized Carapace  
  61  4:50  Drone x3  
  66  4:53  Roach x2  
  65  5:00  Drone x2  
  65  5:02  Roach  
  65  5:05  Drone x2  
  71  5:12  Roach x3  
  77  5:15  Roach  
  77  5:18  Overlord  
  79  5:24  Drone x3  
  79  5:28  Overlord  
  81  5:39  Drone, Overlord  
  81  5:40  Roach, Drone  
  81  5:41  Roach x2  
  89  5:47  Overlord  
  91  5:50  Roach x3  
  91  5:56  Roach  
  97  5:57  Overlord  
  97  5:58  Overlord  
  97  5:59  Ravager x4  
  97  6:00  Roach  
  97  6:01  Roach  
  97  6:03  Hatchery  
  104  6:12  Roach  
  104  6:13  Roach x3  
  112  6:18  Glial Reconstitution  
  112  6:21  Roach x4  
  120  6:26  Drone  
  120  6:27  Spore Crawler  
  120  6:29  Roach x4  
  120  6:31  Overlord  
  120  6:32  Zerg Missile Weapons Level 2  
  128  6:33  Overlord  
  128  6:36  Overlord  
  128  6:38  Overlord, Ravager  
  129  6:44  Overlord  
  129  6:45  Overlord  
  129  6:51  Roach x2  
  129  6:52  Roach x3  
  139  6:55  Roach x3  
  145  7:03  Roach x3  
  145  7:07  Roach x4  
  157  7:16  Roach x6  
  163  7:25  Roach x3  
  167  7:33  Roach x4  
  175  7:44  Roach  
  175  7:45  Roach  
  175  7:51  Roach x6  
  169  7:56  Overlord  
  167  8:00  Roach x3  
  167  8:01  Roach x2  
  157  8:15  Roach  
  157  8:16  Roach x5  
  165  8:24  Roach x3  
  161  8:29  Roach x2  
  161  8:33  Roach x3  
  161  8:34  Roach  
  165  8:37  Roach  
  165  8:40  Roach x2  
  158  8:44  Ravager  
  158  8:46  Roach x2  
  163  8:52  Roach x3  
  162  8:59  Roach  
  152  9:03  Roach x4  
  152  9:07  Roach x2  
  152  9:08  Roach  
  154  9:11  Roach x4  
  154  9:15  Roach x2  
  151  9:19  Roach  
  151  9:20  Queen  
  140  9:33  Roach  
  140  9:34  Roach x6  
  140  9:35  Roach  
  144  9:42  Roach x4  
  144  9:43  Roach x3  
  141  9:47  Roach x3  
  145  9:53  Roach x2  
Show
View Real Time Build Order
Export as new Build Order

Cham Zerg - Winner!

Build Orders: Hatch First 

Get SALT Encoding   

  12  0:01  Drone  
  13  0:08  Drone  
  14  0:16  Overlord  
  14  0:35  Drone x2  
  16  0:48  Hatchery  
  15  0:52  Drone  
  15  0:56  Drone  
  17  0:59  Drone  
  18  1:10  Extractor  
  17  1:13  Spawning Pool  
  17  1:17  Drone  
  17  1:20  Drone  
  18  1:30  Drone  
  19  1:47  Drone  
  20  1:56  Overlord  
  20  2:00  Queen x2  
  24  2:02  Zergling x2  
  25  2:09  Drone  
  25  2:11  Drone  
  25  2:13  Drone  
  25  2:14  Metabolic Boost  
  28  2:23  Drone x2  
  30  2:34  Hatchery  
  29  2:43  Baneling Nest  
  28  2:44  Drone x2  
  28  2:50  Overlord  
  29  2:53  Zergling x2  
  29  2:54  Zergling x2  
  29  2:57  Zergling x2  
  32  3:05  Overlord  
  32  3:07  Drone  
  32  3:10  Drone x2  
  35  3:13  Drone x2  
  35  3:19  Drone x2  
  39  3:26  Drone x2  
  41  3:31  Drone  
  41  3:32  Evolution Chamber  
  41  3:35  Drone  
  42  3:41  Drone x2  
  42  3:42  Drone x2  
  42  3:43  Drone x2  
  42  3:48  Queen  
  48  3:51  Drone x2  
  48  3:54  Zergling x2  
  53  3:56  Zergling x2  
  53  4:00  Overlord  
  53  4:01  Zergling x2  
  55  4:07  Lair  
  55  4:08  Zerg Missile Weapons Level 1  
  55  4:15  Roach Warren  
  54  4:18  Drone  
  54  4:19  Drone x2  
  54  4:20  Drone x3  
  59  4:24  Extractor  
  59  4:25  Drone x2, Extractor  
  59  4:29  Zergling x2  
  60  4:33  Drone x2, Overlord  
  60  4:35  Baneling x2  
  60  4:37  Drone x2  
  64  4:42  Extractor  
  64  4:43  Drone  
  64  4:45  Drone  
  65  4:46  Pneumatized Carapace  
  65  4:51  Overlord  
  65  4:54  Drone  
  65  4:55  Drone x4  
  65  4:56  Drone x2  
  71  5:06  Extractor  
  71  5:07  Drone x3  
  71  5:08  Overseer, Extractor  
  71  5:09  Glial Reconstitution  
  71  5:13  Drone x2  
  74  5:15  Drone  
  74  5:16  Drone  
  74  5:18  Hatchery  
  74  5:19  Drone  
  77  5:21  Drone  
  77  5:28  Overlord  
  77  5:30  Roach  
  77  5:31  Roach  
  77  5:33  Overlord x2  
  81  5:42  Overlord  
  81  5:49  Roach x2  
  89  5:50  Roach x2  
  89  5:53  Overseer, Roach x3  
  96  5:57  Drone  
  96  5:58  Evolution Chamber  
  96  6:01  Roach x4  
  96  6:04  Zerg Missile Weapons Level 2  
  103  6:06  Roach x5  
  113  6:15  Overlord x2  
  113  6:21  Baneling x4  
  113  6:26  Overlord x2, Zerg Ground Armor Level 1  
  113  6:28  Spore Crawler  
  113  6:30  Nydus Network  
  113  6:32  Drone  
  112  6:34  Roach  
  112  6:35  Roach x4  
  122  6:41  Roach x4  
  122  6:44  Overlord  
  130  6:49  Roach x3  
  136  6:55  Roach  
  136  6:56  Roach x3  
  136  6:58  Overlord  
  136  6:59  Overlord  
  144  7:02  Roach  
  144  7:07  Roach x3  
  152  7:11  Nydus Canal  
  152  7:17  Roach x5  
  162  7:28  Nydus Canal  
  162  7:32  Roach x3  
  162  7:33  Roach x3  
  162  7:36  Overlord x2  
  173  7:37  Overlord  
  166  7:51  Roach x10  
  165  7:57  Nydus Canal  
  159  8:03  Roach x6  
  159  8:05  Roach  
  157  8:07  Roach  
  157  8:10  Roach  
  161  8:17  Drone  
  161  8:18  Roach  
  161  8:19  Roach  
  164  8:26  Roach  
  168  8:27  Roach x3  
  168  8:28  Hatchery  
  168  8:31  Queen  
  161  8:35  Roach, Nydus Canal  
  161  8:37  Roach x2  
  165  8:42  Roach x2  
  171  8:48  Roach  
  171  8:52  Nydus Canal  
  165  8:56  Roach x3  
  171  9:05  Roach x4  
  165  9:12  Roach x3  
  159  9:21  Nydus Canal  
  159  9:22  Roach x6  
  159  9:23  Roach  
  169  9:27  Roach x2  
  169  9:32  Roach x3  
  169  9:39  Roach x2  
  169  9:40  Nydus Canal  
  169  9:42  Roach x2  
  173  9:48  Roach x3  
  175  10:06  Nydus Canal  
Tags
 
Add a new tag
Caveats
  • Supply blocks, unpowered buildings, or Contaminate may cause inaccurate times.
  • Supply counts are checked every 10 seconds.